cohdb
Replays
Latest Replays
All Replays
Popular Replays
Top Player Replays
Match Explorer
How It Works
Community
CoH3 Stats
Reddit
Sign in to upload your games and track your stats! →
Sign in with Steam
Match 37387248
Unlisted
Match 37387248
Overview
Messages
Build Orders
End
Selects Heavy Armor Battlegroup
Royal Engineer Section
Royal Engineer Section
Royal Engineer Section
Vickers Machine Gun Team
Selects Rigorous Vehicle Training
Vickers Machine Gun Team
Construct Field Infirmary
Construct Section Command Post
Construct Platoon Command Post
Infantry Section
Infantry Section
Selects Crusader AA Medium Tank
Crusader AA Medium Tank
Armored Vehicle Training
CMP 15cwt Truck
The White Mandingo
theMailMan
Jiggy_C
PayPerPaper
人老打不动游戏了
Overlord T 45
0
0
Comments
sign in to comment!
No comments posted yet!